 Dungeon Crawl Stone Soup version 0.19.1-1-g22dce08 (webtiles) character file.

252 TuxedoFelix the Covered (level 6, 0/48 HPs)
             Began as a Human Fighter on Jan 14, 2017.
             Slain by an orc priest
             ... wielding a +0 club
              (3 damage)
             ... on level 3 of the Dungeon.
             The game lasted 00:15:56 (3363 turns).

TuxedoFelix the Covered (Human Fighter)             Turns: 3363, Time: 00:15:57

Health: 0/48       AC:  7    Str: 18    XL:     6   Next: 36%
Magic:  6/6        EV:  7    Int:  9    God:
Gold:   167        SH:  9    Dex: 12    Spells: 0 memorised, 5 levels left

rFire  . . .     SeeInvis .     a - +0 long sword
rCold  . . .     Gourm    .     b - +0 scale mail
rNeg   . . .     Faith    .     c - +0 shield
rPois  .         Spirit   .     (no helmet)
rElec  .         Reflect  .     (no cloak)
rCorr  .         Harm     .     (no gloves)
MR     .....                    (no boots)
Stlth  ..........               (no amulet)
                                (no ring)
                                (no ring)

@: flying
A: no striking features
a: no special abilities


You were on level 3 of the Dungeon.
You were not hungry.

You visited 1 branch of the dungeon, and saw 3 of its levels.

You collected 167 gold pieces.

Inventory:

Hand Weapons
 a - a +0 long sword (weapon)
Missiles
 i - 8 silver tomahawks (quivered)
Armour
 b - a +0 scale mail (worn)
 c - a +0 shield (worn)
Scrolls
 e - 4 scrolls of remove curse
 r - a scroll of enchant armour {unknown}
Potions
 j - 2 potions of lignification
 k - a potion of magic {unknown}
 m - a potion of curing {unknown}
 n - a potion of resistance {unknown}
 q - a potion of cure mutation {unknown}
 s - a potion of brilliance {unknown}
Comestibles
 l - a slice of pizza
 o - a meat ration


   Skills:
 + Level 4.0 Fighting
 + Level 3.9 Long Blades
 + Level 4.0 Armour
 + Level 0.6 Dodging
 + Level 0.4 Stealth
 + Level 4.0 Shields


You had 5 spell levels left.
You didn't know any spells.

Dungeon Overview and Level Annotations

Branches:
Dungeon (3/15)

Altars:
Zin

Annotations:
D:3 Robin; kSp's ghost, amateur DsGl


Message History

You hit the orc.
The orc is lightly wounded.
You block the orc's attack.
You hit the orc but do no damage.
The orc is lightly wounded.
The orc closely misses you. The orc priest hits you with a club.
* * * LOW HITPOINT WARNING * * *
You barely miss the orc.
The orc is lightly wounded.
The orc hits you.
* * * LOW HITPOINT WARNING * * *
The orc priest invokes the aid of Beogh against you.
Pain shoots through your body!
* * * LOW HITPOINT WARNING * * *
The orc hits you but does no damage. You block the orc priest's attack.
It was a potion of flight.
You feel very buoyant.
You fly up into the air.
The orc hits you but does no damage. The orc priest hits you with a club.
You die...

.# ##.##...#
#####.......# ##
#).....####...##.
.............##..
......#......##.#
........###...#.#
.......## #%.#.#
......## #...o#####
......######....@oo.#
...>............###..#
......###.####†...#
... ......# # ###..# .
......# # #?...#
####### .# #.##...o#
########.# #.# ###.#
...#..... ... . ####
##..... ).. ....


You could see an orc priest and 2 orcs.

Vanquished Creatures
  Crazy Yiuf (D:2)
  An orc wizard (D:3)
  Jessica (D:2)
  Terence (D:2)
  A gnoll (D:1)
  5 adders
  An ooze (D:2)
  2 dart slugs
  A leopard gecko (D:1)
  4 orcs (D:3)
  4 bats
  17 goblins
  7 hobgoblins
  8 jackals (D:2)
  3 quokkas
  4 frilled lizards
  7 kobolds
  5 rats
73 creatures vanquished.

Notes
Turn   | Place    | Note
-------+----------+-------------------------------------------
     0 | D:1      | TuxedoFelix the Human Fighter began the quest for the Orb.
     0 | D:1      | Reached XP level 1. HP: 18/18 MP: 1/1
   257 | D:1      | Reached XP level 2. HP: 24/24 MP: 2/2
   666 | D:1      | Reached XP level 3. HP: 28/29 MP: 3/3
  1232 | D:2      | Reached XP level 4. HP: 27/35 MP: 4/4
  1506 | D:2      | Noticed Jessica
  1513 | D:2      | Killed Jessica
  1596 | D:2      | Noticed Terence
  1620 | D:2      | Killed Terence
  1620 | D:2      | Reached XP level 5. HP: 7/41 MP: 5/5
  2285 | D:2      | Found a runed door.
  2289 | D:2      | Noticed Crazy Yiuf
  2296 | D:2      | Killed Crazy Yiuf
  2846 | D:3      | Reached XP level 6. HP: 35/48 MP: 6/6
  3084 | D:3      | Found a glowing silver altar of Zin.
  3116 | D:3      | Noticed Robin
  3117 | D:3      | Noticed kSp's ghost (amateur DsGl)
  3363 | D:3      | Slain by an orc priest

Skill      XL: |  1  2  3  4  5  6 |
---------------+-------------------+-----
Long Blades    | 3 |  3.9
Fighting       | 4 |  4.0
Armour         | 4 |  4.0
Shields        | 4 |  4.0
Dodging        | |  0.6
Stealth        | |  0.4

Action                   |  1- 3 |  4- 6 || total
-------------------------+-------+-------++-------
Melee: Long sword        |    75 |   198 ||   273
Throw: Throwing net      |       |     1 ||     1
  Use: Potion            |       |     3 ||     3
       Scroll            |       |     5 ||     5
  Eat: Chunk             |     1 |     4 ||     5
       Bread ration      |       |     1 ||     1
Armor: Scale mail        |    35 |   119 ||   154
Dodge: Dodged            |    28 |    75 ||   103
Block: Shield            |    48 |   107 ||   155
       Rpst.: Long sword |     9 |    30 ||    39
